 Dungeon Sprint DCSS version 0.21-a0-49-g7bf2ba4 (webtiles) character file.

1683 Kidiri the Grappler (level 8, -1/89 HPs)
             Began as a Troll Monk on June 10, 2017.
             Was a Believer of Wu Jian.
             Slain by a polar bear (15 damage)
             ... in the Dungeon (Sprint II: "The Violet Keep of Menkaure").
             The game lasted 00:06:13 (532 turns).

Kidiri the Grappler (Troll Monk)                     Turns: 532, Time: 00:06:13

Health: -1/89      AC:  5    Str: 20    XL:     8   Next: 71%
Magic:  7/7        EV: 15    Int:  3    God:    Wu Jian [**....]
Gold:   972        SH:  0    Dex: 14    Spells: 7/7 levels left

rFire    . . .     SeeInvis .     - Unarmed
rCold    . . .     Gourm    +   (no shield)
rNeg     . . .     Faith    .   a - +0 robe
rPois    .         Spirit   .   (helmet restricted)
rElec    .         Reflect  .   (no cloak)
rCorr    .         Harm     .   (gloves unavailable)
MR       .....     NoTele   +   (boots unavailable)
Stlth    +++.......             (no amulet)
Regen    0.7/turn               g - -3 ring of intelligence (curse)
MPRegen  0.1/turn               (no ring)

@: no status effects
A: unfitting armour, claws 3, fast metabolism 3, gourmand, regeneration 1,
shaggy fur 1, tough skin 2
a: Renounce Religion


You were in the Dungeon.
You worshipped Wu Jian.
Wu Jian was pleased with you.
You were very full.

You visited 1 branch You collected 972 gold pieces.

Inventory:

Armour
 a - a +0 robe (worn)
Jewellery
 g - a cursed -3 ring of intelligence (left claw)
Scrolls
 h - a scroll of blinking
Potions
 c - a potion of curing
 d - a potion of heal wounds
 e - a potion of haste
 f - 2 potions of magic
Comestibles
 b - 2 bread rations


   Skills:
 * Level 8.7 Fighting
 + Level 5.6 Armour
 * Level 8.7 Dodging
 + Level 4.4 Stealth
 * Level 10.3 Unarmed Combat


You had 7 spell levels left.
You didn't know any spells.

Dungeon Overview and Level Annotations

Branches:
Dungeon (1/1)

Altars:
Cheibriados
Dithmenos
Elyvilon
Fedhas
Gozag
Hepliaklqana
Kikubaaqudgha
Makhleb
Nemelex Xobeh
Okawaru
Qazlal
Ru
Sif Muna
Trog
Uskayaw
Vehumet
Wu Jian
Xom
Yredelemnul
Zin
The Shining One
Beogh
Jiyva
Lugonu

Shops:
D ::!!(*[*=:?[}==%

Annotations:
D exclusions: 12 doors and oklob plant


Innate Abilities, Weirdness & Mutations

You are too large for most types of armour.
You have claws for hands.
Your metabolism is lightning-fast.
You like to eat raw meat.
Your natural rate of healing is unusually fast.
You are covered in fur. (AC +1)
You have very tough skin. (AC +2)


Message History

* * * LOW HITPOINT WARNING * * *
You can move again.
Unknown command.
You attack the hornet from above.
You mangle the hornet!!
The hornet is almost dead.
You attack the polar bear from above.
You closely miss the polar bear.
The polar bear is moderately wounded.
You repeatedly attack the polar bear from above.
You claw the polar bear!
The polar bear is severely wounded.
You claw the polar bear!
The polar bear is almost dead.
The hornet is distracted by your jump.
You feel yourself speed up.
The hornet buzzes angrily.
The polar bear completely misses you. The polar bear barely misses you.
The polar bear claws you.
* * * LOW HITPOINT WARNING * * *
The polar bear bites you!
You die...

.####..## #..# $#▓(?!$$(
###.##..# +..# .#▓(!$?$[
##.#.#..# #..# .#▓$?"(?%
.+###+..####..##.#▓?!)(!!?
##.#.#....###...##▓▓▓▓▓▓▓+
###.##......≈≈≈≈≈≈≈≈≈≈≈≈≈
.####≈≈.....≈#'########+###
#.#≈≈≈≈≈≈§.§≈#.y§§._..#≈≈§#
.##≈≈≈≈≈≈§≈.≈#.h@§_._.#t§≈§
##≈§≈≈§≈≈§§≈§#.h§§._._#t≈§§
≈≈≈≈≈≈≈≈§§§≈≈#_._._._.#§≈§§§
+++#≈§≈§≈§≈§≈#._._._..#≈≈§≈§
§≈ ##≈≈≈###§≈#_._._...#§≈≈§
§≈≈≈ #≈≈#._._.÷..#§§§≈§
§§≈≈§+ #≈≈#_._.....#§§§≈▓
§§≈§## §≈≈≈§≈##########§§§≈▓
≈§≈## #######≈≈≈≈≈≈≈≈≈≈§§§▓


You could see 2 polar bears, a hornet and 2 crocodiles.

Vanquished Creatures
  A merfolk siren (D)
  A polar bear (D)
  2 hippogriffs (D)
  4 neqoxecs (D)
  A vampire mosquito (D)
  Menkaure (D)
  4 worker ants (D)
14 creatures vanquished.

Vanquished Creatures (others)
  A crocodile (D)
1 creature vanquished.

Grand Total: 15 creatures vanquished

Notes
Turn   | Place    | Note
-------+----------+-------------------------------------------
     0 | D        | Kidiri the Troll Monk began the quest for the Orb.
     0 | D        | Reached XP level 1. HP: 22/22 MP: 0/0
     1 | D        | Noticed a worker ant
     1 | D        | Noticed a worker ant
     1 | D        | Noticed a worker ant
     1 | D        | Noticed a worker ant
     5 | D        | Noticed a neqoxec
     6 | D        | Noticed a neqoxec
    13 | D        | Killed a neqoxec
    13 | D        | Reached skill level 5 in Unarmed Combat
    13 | D        | Reached XP level 2. HP: 33/33 MP: 1/1
    13 | D        | Reached XP level 3. HP: 40/40 MP: 2/2
    13 | D        | Reached XP level 4. HP: 49/49 MP: 3/3
    15 | D        | Noticed a neqoxec
    17 | D        | Killed a neqoxec
    17 | D        | Reached skill level 5 in Fighting
    17 | D        | Reached skill level 5 in Dodging
    17 | D        | Reached skill level 6 in Unarmed Combat
    17 | D        | Reached XP level 5. HP: 58/58 MP: 4/4
    20 | D        | Killed a neqoxec
    20 | D        | Reached skill level 7 in Unarmed Combat
    20 | D        | Reached XP level 6. HP: 67/67 MP: 5/5
    22 | D        | Noticed a neqoxec
    26 | D        | Killed a neqoxec
    26 | D        | Reached skill level 8 in Unarmed Combat
    28 | D        | Noticed an orange crystal statue
    72 | D        | Reached XP level 7. HP: 74/76 MP: 6/6
   129 | D        | Noticed a merfolk siren
   133 | D        | Noticed a hippogriff
   133 | D        | Noticed a hippogriff
   140 | D        | Killed a hippogriff
   144 | D        | Killed a hippogriff
   144 | D        | Reached skill level 9 in Unarmed Combat
   182 | D        | Killed a merfolk siren
   182 | D        | Reached skill level 5 in Armour
   182 | D        | Reached XP level 8. HP: 29/88 MP: 7/7
   283 | D        | Found Duhiavise's Jewellery Emporium.
   283 | D        | Found Docsywe's Food Emporium.
   283 | D        | Found Vytax's Gadget Shoppe.
   283 | D        | Found Qodihoe's Jewellery Shoppe.
   283 | D        | Found Kinguc's Antique Armour Emporium.
   284 | D        | Found Ixaezies's Book Shoppe.
   284 | D        | Found Dyeromep's Jewellery Emporium.
   284 | D        | Found Conn's General Store.
   285 | D        | Found Waowai's Antique Armour Emporium.
   285 | D        | Found Dorik's Assorted Antiques.
   285 | D        | Found Ciamn's Antique Weapon Shoppe.
   286 | D        | Found Xinaphou's Magic Scroll Emporium.
   287 | D        | Found Evos Qoji's Distillery.
   287 | D        | Found Tuiqo's Distillery.
   287 | D        | Noticed Menkaure
   287 | D        | Noticed an oklob plant
   288 | D        | Found Hugo's Book Shoppe.
   288 | D        | Found Jipt's Book Shoppe.
   289 | D        | Noticed a spiny frog
   290 | D        | Noticed a spiny frog
   292 | D        | Noticed a slime creature
   293 | D        | Noticed a slime creature
   295 | D        | Noticed a slime creature
   351 | D        | Killed Menkaure
   351 | D        | Reached skill level 10 in Unarmed Combat
   444 | D        | Found a glowing silver altar of Zin.
   445 | D        | Found a glowing golden altar of the Shining One.
   445 | D        | Found a basalt altar of Yredelemnul.
   445 | D        | Found a hide-covered altar of Uskayaw.
   446 | D        | Found a shimmering altar of Xom.
   446 | D        | Found a bloodstained altar of Trog.
   447 | D        | Found an ornate altar of the Wu Jian Council.
   447 | D        | Found a deep blue altar of Sif Muna.
   447 | D        | Found a corrupted altar of Lugonu.
   447 | D        | Found a radiant altar of Vehumet.
   447 | D        | Found a burning altar of Makhleb.
   448 | D        | Found a sacrificial altar of Ru.
   448 | D        | Found an ancient bone altar of Kikubaaqudgha.
   448 | D        | Found a white marble altar of Elyvilon.
   449 | D        | Found a stormy altar of Qazlal.
   449 | D        | Found a viscous altar of Jiyva.
   449 | D        | Found a shadowy altar of Dithmenos.
   450 | D        | Found a hazy altar of Hepliaklqana.
   450 | D        | Found a snail-covered altar of Cheibriados.
   451 | D        | Found a roughly hewn altar of Beogh.
   452 | D        | Noticed a yaktaur
   452 | D        | Noticed a hornet
   452 | D        | Noticed a polar bear
   455 | D        | Found a sparkling altar of Nemelex Xobeh.
   455 | D        | Found a blossoming altar of Fedhas.
   456 | D        | Found an opulent altar of Gozag.
   456 | D        | Found an iron altar of Okawaru.
   459 | D        | Became a worshipper of the Wu Jian Council
   459 | D        | Reached * piety under Wu Jian
   459 | D        | Reached ** piety under Wu Jian
   471 | D        | Killed a polar bear
   509 | D        | Noticed an ice statue
   517 | D        | Noticed a polar bear
   520 | D        | Noticed a polar bear
   530 | D        | Paralysed by a hornet for 2 turns
   532 | D        | Slain by a polar bear

Vault maps used:
D:        the_violet_keep_of_menkaure

Skill      XL: |  1  2  3  4  5  6  7  8 |
---------------+-------------------------+-----
Fighting       | 4 5 6 8 |  8.7
Armour         | 2 3 4 5 |  5.6
Dodging        | 4 5 6 8 |  8.7
Stealth        | 2 3 4 |  4.4
Unarmed Combat | 5 6 7 8 9 10 | 10.3

Action                   |  1- 3 |  4- 6 |  7- 9 || total
-------------------------+-------+-------+-------++-------
Melee: Unarmed           |     5 |    16 |    63 ||    84
       Punch             |       |     1 |     6 ||     7
  Use: Potion            |     1 |       |       ||     1
  Eat: Chunk             |       |       |     9 ||     9
Armor: Robe              |     1 |       |    16 ||    17
Dodge: Dodged            |     2 |     6 |    44 ||    52
